 Dungeon Crawl Stone Soup version 0.31.0-11-ge490571c62 (webtiles) character file.

Game seed: 2134923440983242693

1495 PaiMei the Grave Robber (level 8, -9/61 HPs)
             Began as a Demonspawn Necromancer on Feb 7, 2024.
             Mangled by a two-headed ogre
             ... wielding a +0 giant spiked club
              (31 damage)
             ... on level 5 of the Dungeon.
             The game lasted 00:11:23 (7027 turns).

PaiMei the Grave Robber (Demonspawn Necromancer)    Turns: 7027, Time: 00:11:23

Health: -9/61      AC:  5    Str:  8    XL:     8   Next: 51%
Magic:  18/24      EV: 14    Int: 18    God:
Gold:   262        SH:  4    Dex: 14    Spells: 13/17 levels left

rFire   . . .        x - +3 mace
rCold   . . .        (no shield)
rNeg    . . .        a - +0 robe
rPois   .            o - +0 helmet
rElec   .            (no cloak)
rCorr   .            (no gloves)
SInv    .            (no boots)
Will    .....        (no amulet)
Stlth   ++           p - ring of magical power
HPRegen 0.30/turn    (no ring)
MPRegen 0.19/turn

%: no passive effects
@: no status effects
A: thin metallic scales 1, powered by pain 1, condensation shield
a: no special abilities


You were on level 5 of the Dungeon.
You visited 1 branch of the dungeon, and saw 5 of its levels.
You also visited: Sewer and Ossuary.

You collected 262 gold pieces.

Inventory:

Hand Weapons
 t - a +0 whip of freezing
 x - a +3 mace (weapon)
Missiles
 r - 41 poisoned darts (quivered)
 v - a curare-tipped dart
 y - 2 atropa-tipped darts
Armour
 a - a +0 robe (worn)
 o - a +0 helmet (worn)
Jewellery
 p - a ring of magical power (left hand)
Wands
 C - a wand of acid (12)
Scrolls
 c - 4 scrolls of identify {unknown}
 h - a scroll of poison {unknown}
 i - 5 scrolls of amnesia {unknown}
 k - 2 scrolls of teleportation {unknown}
 l - a scroll of fog {unknown}
 m - 4 scrolls of enchant weapon {unknown}
 q - a scroll of immolation {unknown}
 s - 2 scrolls of blinking {unknown}
 w - 2 scrolls of enchant armour {unknown}
Potions
 b - 2 potions of magic
 d - 3 potions of mutation {unknown}
 e - a potion of attraction {unknown}
 f - 3 potions of curing {unknown}
 g - a potion of resistance {unknown}
 j - 3 potions of heal wounds {unknown}
 n - a potion of ambrosia {unknown}
 u - a potion of cancellation {unknown}
 z - 2 potions of invisibility {unknown}
 A - 2 potions of berserk rage {unknown}
 B - a potion of degeneration {unknown}
 D - a potion of enlightenment {unknown}


   Skills:
 + Level 4.7 Fighting
 + Level 5.1 Dodging
 - Level 2.6 Stealth
 + Level 5.1 Spellcasting
 + Level 7.3 Necromancy


You had 13 spell levels left.
You knew the following spells:

 Your Spells              Type           Power      Damage    Failure   Level
a - Necrotise             Necr           100%       1d9       1%          1
b - Vampiric Draining     Necr           31%        2d8       1%          3

Your spell library contained the following spells:

 Spells                   Type           Power      Damage    Failure   Level
 Sublimation of Blood     Necr           31%        N/A       1%          2
 Animate Dead             Necr           31%        N/A       6%          4
 Magic Dart               Conj           16%        1d3       13%         1
 Curse of Agony           Necr           31%        N/A       19%         5
 Call Imp                 Summ           8%         N/A       21%         2
 Searing Ray              Conj           8%         2d4       21%         2
 Tukima's Dance           Hex            4%         N/A       36%         3
 Dimensional Bullseye     Hex/Tloc       2%         N/A       78%         4
 Fulminant Prism          Conj/Alch      2%         3d5       78%         4
 Iskenderun's Mystic Bla  Conj/Tloc      4%         2d3       78%         4
 Summon Hydra             Summ           2%         N/A       100%        7


Dungeon Overview and Level Annotations

Branches:
Dungeon (5/15)              Sewer (visited)         Ossuary (visited)
 Temple: D:4-7

Altars:
Ashenzari
Okawaru

Shops:
D:3 [

Annotations:
D:5 Menkaure


Innate Abilities, Weirdness & Mutations

You are partially covered in thin metallic scales. (AC +2)
You sometimes gain a little power by taking damage.
A meltable shield of frost defends you. (SH +4)


Message History

Confirm with . or Enter, or press ? or * to list all spells.
Aiming: Necrotise (safe; 1% risk of failure)
Press: ? - help, Shift-Dir - straight line, f/p - two-headed ogre
Aim: a two-headed ogre, wielding a +0 giant spiked club and a +0 giant club (lightly wounded, chance to affect: 70%)
The two-headed ogre writhes in agony.
Casting: Necrotise (safe; 1% risk of failure)
Confirm with . or Enter, or press ? or * to list all spells.
Aiming: Vampiric Draining (safe; 1% risk of failure)
Press: ? - help, Shift-Dir - straight line, f/p - two-headed ogre
Aim: a two-headed ogre, wielding a +0 giant spiked club and a +0 giant club (lightly wounded)
You draw life force from the two-headed ogre!
The two-headed ogre misses you. The two-headed ogre closely misses you.
Casting: Vampiric Draining (safe; 1% risk of failure)
Confirm with . or Enter, or press ? or * to list all spells.
Aiming: Vampiric Draining (safe; 1% risk of failure)
Press: ? - help, Shift-Dir - straight line, f/p - two-headed ogre
Aim: a two-headed ogre, wielding a +0 giant spiked club and a +0 giant club (moderately wounded)
You draw life force from the two-headed ogre!
The two-headed ogre hits you with a +0 giant spiked club!!
Ouch! That really hurt!
You focus on the pain.
You feel your power returning.
The two-headed ogre hits you with a +0 giant club!
* * * LOW HITPOINT WARNING * * *
Casting: Vampiric Draining (safe; 1% risk of failure)
Confirm with . or Enter, or press ? or * to list all spells.
Aiming: Vampiric Draining (safe; 1% risk of failure)
Press: ? - help, Shift-Dir - straight line, f/p - two-headed ogre
Aim: a two-headed ogre, wielding a +0 giant spiked club and a +0 giant club (heavily wounded)
You draw life force from the two-headed ogre.
You feel life coursing into your body.
Casting: Vampiric Draining (safe; 1% risk of failure)
Confirm with . or Enter, or press ? or * to list all spells.
Aiming: Vampiric Draining (safe; 1% risk of failure)
Press: ? - help, Shift-Dir - straight line, f/p - two-headed ogre
Aim: a two-headed ogre, wielding a +0 giant spiked club and a +0 giant club (severely wounded)
You draw life force from the two-headed ogre!
You feel life coursing into your body.
The two-headed ogre hits you with a +0 giant spiked club!!
Ouch! That really hurt!
You die...

#[# #...#.###...##.##.
#####.##### #...###...##....
#.........# ##...##....#..##
#.........# ##..#..........
#####.........## ##....######.#.
#..............####..#..# #.##
#.###...........#...###.######.##
#.###.#########.O.#####...##.....
#.###....#...###@.####..#.##..##.
#..#..........##.................
#..#.......................##.###
#.._..............#....###....###
...#...........#......## ###....#
...#...[......##..###.## ##..#..
..###....#...##...# #..####..####
..###...####....#.# ##...#..## #
..###.#.# ##.####.# ###.#.## ##


You could see a two-headed ogre.

Vanquished Creatures
  A black bear (D:3)
  An ogre (D:4)
  An elf zombie (Ossuary)
  8 kobold brigands (Sewer)
  A scorpion (D:4)
  3 centaur zombies (Ossuary)
  2 hounds
  A jelly (D:5)
  A sleepcap (D:5)
  2 iguanas (D:5)
  An orc wizard (D:5)
  7 hound zombies (Ossuary)
  2 mummies (Ossuary)
  Robin (D:2)
  A gnoll (D:1)
  6 adders
  2 river rats
  A white imp (D:5)
  2 ufetubi (D:5)
  A ribbon worm (Sewer)
  2 dart slugs (D:3)
  2 orcs (D:5)
  10 ball pythons
  4 bats
  6 endoplasms
  4 giant cockroaches
  5 gnoll zombies (Ossuary)
  5 hobgoblins
  2 jackals (D:1)
  A quokka (D:4)
  3 frilled lizards
  11 goblins
  8 jackal zombies (Ossuary)
  11 kobolds
  9 kobold zombies (Ossuary)
  4 orc zombies (Ossuary)
  8 rats
140 creatures vanquished.

Vanquished Creatures (collateral kills)
  A giant cockroach (D:3)
  A goblin (D:2)
  A bat (D:1)
  2 rats (D:3)
5 creatures vanquished.

Grand Total: 145 creatures vanquished

Notes
Turn   | Place    | Note
-------+----------+-------------------------------------------
     0 | D:1      | PaiMei the Demonspawn Necromancer began the quest for the
                  | Orb.
     0 | D:1      | Reached XP level 1. HP: 13/13 MP: 3/3
   421 | D:1      | Gained mutation: A meltable shield of frost defends you.
                  | (SH +4) [demonic ancestry]
   421 | D:1      | Reached XP level 2. HP: 19/19 MP: 3/5
   939 | D:2      | Gained mutation: You are partially covered in thin metallic
                  | scales. (AC +2) [demonic ancestry]
   939 | D:2      | Reached XP level 3. HP: 24/24 MP: 2/6
  1366 | D:2      | Noticed Robin
  1888 | D:2      | Gained mutation: You sometimes gain a little power by
                  | taking damage. [demonic ancestry]
  1888 | D:2      | Reached XP level 4. HP: 30/30 MP: 5/7
  1925 | D:2      | Killed Robin
  2306 | D:3      | Learned a level 3 spell: Vampiric Draining
  2543 | D:3      | Reached skill level 5 in Necromancy
  2622 | D:3      | Found a glowing drain.
  2660 | Sewer    | Entered a sewer
  2701 | Sewer    | Noticed a kobold brigand
  2711 | Sewer    | Killed a kobold brigand
  2712 | Sewer    | Reached skill level 1 in Fighting
  2712 | Sewer    | Reached XP level 5. HP: 35/37 MP: 3/9
  3163 | Sewer    | Reached XP level 6. HP: 44/44 MP: 5/11
  3477 | Sewer    | Reached skill level 6 in Necromancy
  3477 | Sewer    | Reached XP level 7. HP: 46/51 MP: 7/12
  4170 | D:3      | Found Luighocat's Antique Armour Shop.
  4642 | D:4      | Found an iron altar of Okawaru.
  5013 | D:4      | Found a sand-covered staircase.
  5162 | Ossuary  | Entered an ossuary
  5259 | Ossuary  | Reached XP level 8. HP: 54/60 MP: 14/14
  5969 | Ossuary  | Reached skill level 7 in Necromancy
  6109 | D:5      | Entered Level 5 of the Dungeon
  6109 | D:5      | Noticed Menkaure
  6265 | D:5      | Noticed a two-headed ogre
  6346 | D:5      | Reached skill level 5 in Spellcasting
  6609 | D:5      | Found a broken altar of Ashenzari.
  6658 | D:5      | Reached skill level 5 in Dodging
  7027 | D:5      | Mangled by a two-headed ogre

Illustrated notes

Levels and vault maps discovered:
D:1:      erik_arrival_orb_chamber, layout_basic, minmay_stone_trees_large
D:2:      layout_loops_ring, serial_forest, infiniplex_forest_lined_room_2,
          infiniplex_forest_diagonal, infiniplex_forest_end_1,
          infiniplex_forest_straight_3, infiniplex_forest_lined_2,
          infiniplex_forest_clump_curved, infiniplex_forest_join,
          infiniplex_forest_lined_3, uniq_robin
D:3:      layout_basic, portal_sewer_entry_b, serial_shops,
          nicolae_shop_tiny_real_fake_doors
D:4:      layout_loops_cross, kennysheep_okawaru_gauntlet, enter_ossuary_2
D:5:      layout_rooms, cheibrodos_ashenzari_chains, uniq_menkaure

Skill      XL: |  1  2  3  4  5  6  7  8 |
---------------+-------------------------+-----
Dodging        | 2 3 4 5 |  5.1
Stealth        | 2 |  2.6
Necromancy     | 5 6 7 |  7.3
Fighting       | 1 2 3 4 |  4.7
Spellcasting   | 3 4 5 |  5.1

Action                     |  1- 3 |  4- 6 |  7- 9 || total
---------------------------+-------+-------+-------++-------
  Melee: Unarmed           |     3 |       |       ||     3
         Spear             |     3 |     6 |       ||     9
         Whip              |       |     2 |     1 ||     3
         Mace              |       |       |   209 ||   209
         Punch             |       |       |     6 ||     6
   Cast: Necrotise         |    59 |    45 |    68 ||   172
         Vampiric Draining |       |    27 |    27 ||    54
   Stab: Sleeping          |       |       |     3 ||     3
 Armour: Robe              |    25 |    25 |   170 ||   220
  Dodge: Dodged            |    29 |    28 |   196 ||   253
  Block: Other             |     1 |    14 |    48 ||    63
